[Event "*** Titled Tuesday Blitz"]
[Site "Chess.com"]
[Date "2020.10.27"]
[Round "8"]
[White "GukeshDommaraju"]
[Black "nrvisakh"]
[Result "1-0"]
[WhiteElo "2831"]
[BlackElo "2689"]
[TimeControl "180+1"]
[EndTime "11:30:16 PDT"]
[Termination "GukeshDommaraju won on time"]

1. c4 e6 2. Nf3 d5 3. e3 Nf6 4. Nc3 Be7 5. b3 O-O 6. Bb2 c5 7. cxd5 Nxd5 8. Nxd5 Qxd5 9. Qc2 Nc6 10. a3 Rd8 11. h4 h6 12. Bc4 Qf5 13. Qxf5 exf5 14. Ne5 Nxe5 15. Bxe5 b6 16. Ke2 Bb7 17. h5 Bd5 18. f3 Rd7 19. d3 Bc6 20. a4 a6 21.
Rhg1 Rda7 22. d4 b5 23. Bd3 Bd7 24. Rgc1 cxd4 25. Bxd4 Rb7 26. g4 bxa4 27. bxa4 Bf6 28. Bxf6 gxf6 29. gxf5 Rb2+ 30. Rc2 Rab8 31. e4 R8b4 32.
a5 Bb5 33. Ra2 Bxd3+ 34. Kxd3 R4b3+ 35. Ke2 Rxa2 36. Rxa2 Kg7 37. Rc2 Ra3 38. Rc5 Ra2+ 39. Ke3 Ra3+ 40. Kf4 Ra1 41. Rd5 Ra2 42. Kg4 Ra1 43.
f4 Rg1+ 44. Kf3 Rf1+ 45. Kg3 Rg1+ 46. Kf2 Ra1 47. e5 Ra3 48. e6 fxe6 49. fxe6 f5 50.
Rxf5 Rb3 51. Re5 Kf8 52. e7+ Ke8 53. f5 1-0

[Event "*** Titled Tuesday Blitz"]
[Site "Chess.com"]
[Date "2020.10.27"]
[Round "8"]
[White "GrafLermontov"]
[Black "MaxLeto"]
[Result "0-1"]
[WhiteElo "2460"]
[BlackElo "2351"]
[TimeControl "180+1"]
[EndTime "11:30:16 PDT"]
[Termination "MaxLeto won by checkmate"]

1. d4 Nf6 2. c4 g6 3. Nc3 Bg7 4. e4 d6 5. Be2 O-O 6. Be3 e5 7. d5 Nfd7 8. g4 a5 9. h4 Nc5 10. h5 c6 11. g5 Nba6 12. Qd2 cxd5 13. Nxd5 Nxe4 14. Qc1 Nac5 15. Rh4 Be6 16. Nf3 Bxd5 17. cxd5 Rc8 18. Qd1 f5 19. gxf6 Qxf6 20. hxg6 hxg6 21.
a3 Nxf2 22. Bxf2 e4 23. Bd4 Qe7 24. Bxg7 exf3 25. Bxf8 Qxh4+ 26. Kd2 fxe2 27. Qxe2 Rxf8 28. Rg1 Qf4+ 29. Kc2 Qf5+ 30. Kc1 Qf4+ 31. Kb1 Qe4+ 32. Qxe4 Nxe4 33. Rxg6+ Kf7 34. Rh6 Rg8 35. Rh7+ Rg7 36.
Rh8 Ke7 37. Rb8 Kf6 38. Rd8 Ke5 39. b4 axb4 40. axb4 Kxd5 41. Kc2 b5 42. Kd3 Rg3+ 43. Ke2 Rc3 44. Rb8 Kc4 45. Rc8+ Kxb4 46. Re8 Nc5 47. Kd2 Rd3+ 48. Kc2 d5 49. Re5 Kc4 50.
Rh5 b4 51. Rh4+ d4 52. Rh5 b3+ 53. Kb2 Rd2+ 54. Kc1 Rc2+ 55. Kb1 d3 56. Rh4+ Kc3 57. Rh5 Ne4 58. Rh1 Nd2+ 59. Ka1 Nc4 60. Rb1 Ra2# 0-1

[Event "*** Titled Tuesday Blitz"]
[Site "Chess.com"]
[Date "2020.10.27"]
[Round "8"]
[White "SantoBlue"]
[Black "SergeyKarjakin"]
[Result "0-1"]
[WhiteElo "2836"]
[BlackElo "3006"]
[TimeControl "180+1"]
[EndTime "11:30:20 PDT"]
[Termination "SergeyKarjakin won by resignation"]

1. e4 e5 2. Nf3 Nc6 3. Bb5 a6 4. Ba4 Nf6 5. O-O Be7 6. Bxc6 dxc6 7. d3 Nd7 8. Be3 O-O 9. Nc3 c5 10. a4 Re8 11. h3 Bd6 12. Nd2 Nb8 13. Nc4 Nc6 14.
Nxd6 cxd6 15. f4 exf4 16. Bxf4 Be6 17. Qh5 Qd7 18. Rf2 f6 19. Raf1 Bf7 20. Qf3 Ne5 21.
Qg3 Kh8 22. a5 Rad8 23. b3 Qc7 24. Bd2 Nc6 25. Qh4 Be6 26. g4 Nd4 27. g5 fxg5 28.
Bxg5 Rc8 29. Qg3 Qxa5 30. Bd2 Qc7 31. Bf4 Qa5 32. Bd2 Qd8 33. h4 Qd7 34. h5 Bh3 35. Rf7 Qg4 36. Qxg4 Bxg4 37. h6 gxh6 38. Bxh6 Rg8 39.
Kh2 Rg6 40. Bc1 Rcg8 41. Nd5 Be6 42. R7f2 Rg4 43. Kh1 Rh4+ 44. Rh2 Rxh2+ 45. Kxh2 Bxd5 46. exd5 Re8 47. Rf6 Kg7 48. Rxd6 Re2+ 49. Kh3 Rxc2 50. Bf4 Rc3 51. Be5+ Kf7 52. Rd7+ Kg6 53. d6 Kf5 54.
Re7 Rxd3+ 55. Kg2 Nc6 0-1

[Event "*** Titled Tuesday Blitz"]
[Site "Chess.com"]
[Date "2020.10.27"]
[Round "8"]
[White "DinaBelenkaya"]
[Black "pedromartinez91"]
[Result "0-1"]
[WhiteElo "2372"]
[BlackElo "2630"]
[TimeControl "180+1"]
[EndTime "11:30:20 PDT"]
[Termination "pedromartinez91 won by checkmate"]

1. e4 e6 2. Qe2 d5 3. exd5 Qxd5 4. Nc3 Qd8 5. g3 Nf6 6. Bg2 Be7 7. Nf3 Nc6 8. O-O O-O 9. Rd1 Nd4 10. Nxd4 Qxd4 11. d3 c6 12. Be3 Qd8 13. d4 Nd5 14.
Bd2 b6 15. Ne4 Bb7 16. c4 Nf6 17. Bc3 Qc7 18. h4 Rad8 19. h5 h6 20. b4 c5 21.
bxc5 bxc5 22. d5 Nxe4 23. Bxe4 e5 24. Bf5 Bd6 25. Rab1 Bc8 26. Qe4 Bxf5 27. Qxf5 Rb8 28. a4 Rxb1 29. Rxb1 Rb8 30. Rb5 a6 31. Ba5 Qa7 32.
Rxb8+ Qxb8 33. Kg2 Qe8 34. Bb6 e4 35. a5 e3 36.
fxe3 Qxe3 37. Qc8+ Kh7 38. Qf5+ Kg8 39. Qc8+ Bf8 40. Bc7 Qe2+ 41. Kg1 Qe1+ 42. Kh2 Qe2+ 43. Kg1 Qxh5 44. d6 Qd1+ 45. Kf2 Qd4+ 46. Kf3 Qd3+ 47. Kf2 Qd2+ 48. Kf3 Qd1+ 49. Kf2 Qd4+ 50. Kf3 Qxc4 51. d7 Qd5+ 52. Kf2 Qd4+ 53. Ke2 Qe4+ 54. Kf2 Qd4+ 55. Kg2 Qd2+ 56. Kh3 Qd1 57. d8=Q Qh1+ 58. Kg4 Qe4+ 59. Kh3 Qh1+ 60. Kg4 Qe4+ 61. Bf4 h5+ 62. Kh3 Qh1# 0-1

[Event "*** Titled Tuesday Blitz"]
[Site "Chess.com"]
[Date "2020.10.27"]
[Round "8"]
[White "AntonovaNadezhda"]
[Black "andrzej"]
[Result "0-1"]
[WhiteElo "2124"]
[BlackElo "2305"]
[TimeControl "180+1"]
[EndTime "11:30:20 PDT"]
[Termination "andrzej won on time"]

1. d4 Nf6 2. Nf3 e6 3. e3 d5 4. Nbd2 Bd6 5. Bd3 O-O 6. O-O c5 7. b3 Nc6 8. Bb2 Nb4 9. Be2 b6 10. a3 Nc6 11. Bd3 Bb7 12. Ne5 cxd4 13. exd4 Qc7 14. f4 Ne7 15. Qf3 Rfe8 16. Rae1 Rac8 17. Re2 g6 18. g4 Ne4 19. Nxe4 dxe4 20. Bxe4 Bxe4 21. Qxe4 Nd5 22. g5 Bxe5 23. fxe5 Nc3 24. Bxc3 Qxc3 25. Ref2 Re7 26. Rd1 Rd7 27. a4 Rcd8 28.
Rfd2 Rd5 29. Qf4 R8d7 30. Qe4 Rd8 31. Qf4 R8d7 32. Qe4 a5 33. Qf4 Qh3 34. Rd3 Qh5 35.
c4 Qe2 36. cxd5 Rxd5 37. Qf2 Qg4+ 38. Qg2 Qf5 39. Rf3 Qe4 40. Rfd3 Qf5 41. h4 Qf4 42.
Qg3 Qe4 43. Kh2 Kg7 44. Kh3 Qf5+ 45. Kg2 Qe4+ 46. Qf3 Qxh4 47. Qf6+ Kg8 48. Rf3 Rd7 49. Rdf1 Qg4+ 50. Kf2 Qxd4+ 51. Kg3 Qb2 52. Qf4 Qc2 53. Qe3 Qc8 54. Qxb6 Qf8 55. Qxa5 h5 56. Qb5 h4+ 57.
Kg4 Rd4+ 0-1

[Event "*** Titled Tuesday Blitz"]
[Site "Chess.com"]
[Date "2020.10.27"]
[Round "8"]
[White "Anton_Demchenko"]
[Black "Sankalp_Gupta2003"]
[Result "1-0"]
[WhiteElo "2852"]
[BlackElo "2708"]
[TimeControl "180+1"]
[EndTime "11:30:21 PDT"]
[Termination "Anton_Demchenko won by checkmate"]

1. e4 c6 2. Nf3 d5 3. d3 Qc7 4. exd5 cxd5 5. c4 dxc4 6. dxc4 Nc6 7. Nc3 Bg4 8. Nd5 Qd7 9. Bf4 e5 10. Be3 e4 11. h3 Be6 12. Ng5 Bxd5 13. Qxd5 Bb4+ 14.
Ke2 Nf6 15. Qxd7+ Kxd7 16. a3 Ba5 17. Nxf7 Rhf8 18. Rd1+ Ke6 19. Nd6 Rab8 20. b4 Bc7 21. Nb5 Be5 22. g3 Rfc8 23. Bg2 a6 24. Na7 Nxa7 25. Bxa7 Ra8 26. Bc5 Rc6 27. f4 Bb8 28. Rc1 a5 29. Rhd1 Ba7 30. Bxa7 Rxa7 31. g4 axb4 32. axb4 Ra2+ 33. Kf1 h6 34. f5+ Ke5 35. Kg1 Rc7 36. c5 Kf4 37. b5 Ra5 38. c6 b6 39. Rb1 Ra2 40. Rf1+ Kg3 41. Rb3+ Kh4 42. Re1 Re7 43. Rbe3 Rb2 44. Bxe4 Rxb5 45. Bg2 Rc7 46. Re7 Rc8 47. Rxg7 Rc5 48. Rg6 Nd5 49. Rxh6+ Kg3 50. Rhe6 Nf4 51. R6e3+ Kh4 52. Rf1 Nd5 53. Ref3 Nb4 54. f6 Rf8 55. f7 Nxc6 56. Rf6 Nd8 57. Rh6+ Kg3 58. Rf3# 1-0

[Event "*** Titled Tuesday Blitz"]
[Site "Chess.com"]
[Date "2020.10.27"]
[Round "8"]
[White "Jumbo"]
[Black "BilodeauA"]
[Result "1/2-1/2"]
[WhiteElo "2878"]
[BlackElo "2916"]
[TimeControl "180+1"]
[EndTime "11:30:23 PDT"]
[Termination "Game drawn by repetition"]

1. d4 d5 2. Bf4 Nf6 3. e3 e6 4. Nf3 c5 5. c3 Nc6 6. Nbd2 Be7 7. h3 O-O 8. Bd3 Nh5 9. Bh2 c4 10. Be2 f5 11. b3 b5 12. a4 b4 13. bxc4 bxc3 14. Nb1 Bb4 15. O-O Nf6 16. c5 Qa5 17. Qc2 Ba6 18. Bxa6 Qxa6 19. Nxc3 Bxc3 20. Qxc3 Ne4 21.
Qc2 g5 22. Ne5 f4 23. Nxc6 Qxc6 24. exf4 gxf4 25. f3 Ng3 26. Rfe1 Rf5 27. Bxg3 fxg3 28. Qd2 Raf8 29. Re3 R8f6 30. Qe1 Rg6 31. Re5 Rf4 32.
Qe3 Rff6 33. h4 h6 34. Re1 Kf7 35. h5 Rg7 36. Qb3 Rg8 37. Qb5 Rc8 38. Rb1 Rf4 39. Qd3 Rg8 40. Qh7+ Rg7 41. Qxh6 Rxd4 42. Rxe6 Rd1+ 43.
Rxd1 Qxe6 44. Qxe6+ Kxe6 45. Rd4 Rb7 46. Kf1 Rb1+ 47. Ke2 Rg1 48. f4 Rxg2+ 49. Kf3 Rh2 50. Kxg3 Rxh5 51. Rb4 Rh1 52. Rb7 Rc1 53. Rxa7 Rxc5 54.
Kg4 d4 55. Ra6+ Kf7 56. Rd6 Rc4 57. a5 Ra4 58. Rd5 d3 59. Rxd3 Rxa5 60. Rd6 Rb5 61. Rc6 Ra5 62. Rd6 Rb5 63. Rc6 Ra5 64. Rd6 1/2-1/2

[Event "*** Titled Tuesday Blitz"]
[Site "Chess.com"]
[Date "2020.10.27"]
[Round "8"]
[White "Brave_spirit12"]
[Black "Leonid_Starozhilov"]
[Result "0-1"]
[WhiteElo "2497"]
[BlackElo "2645"]
[TimeControl "180+1"]
[EndTime "11:30:29 PDT"]
[Termination "Leonid_Starozhilov won by checkmate"]

1. e4 c5 2. c3 d6 3. Nf3 Nf6 4. Be2 g6 5. O-O Bg7 6. d3 O-O 7. Bf4 Nc6 8. Nbd2 Nh5 9. Be3 e5 10.
d4 cxd4 11. cxd4 exd4 12. Bg5 Bf6 13. Bh6 Re8 14. Bc4 Be6 15. Bd5 Bxd5 16. exd5 Ne5 17.
Nxd4 Nd3 18. N2f3 Ndf4 19. Qd2 Nxd5 20. Rfe1 Qd7 21. Nb5 Qxb5 22. a4 Qb3 23. Red1 Nb6 24. Qxd6 Bg7 25. Bg5 Qe6 26. Qc7 h6 27. Be3 Re7 28.
Qc5 Rc8 29. Qa3 Nc4 30. Qd3 Nxe3 31. fxe3 Qxe3+ 32. Qxe3 Rxe3 33. Rd7 Rb3 34. Rf1 Nf6 35.
Re7 Nd5 36. Rd7 Ne3 37. Re1 Nf5 38. Re2 Rxb2 39. Rxb2 Bxb2 40. Rxb7 Bd4+ 41. Nxd4 Nxd4 42. Rxa7 Rc2 43. a5 Ra2 44. Ra8+ Kg7 45. h4 h5 46. Kh2 Nf5 47. Kh3 Ra3+ 48. Kh2 Nxh4 49. a6 Ra2 50. a7 Nxg2 51. Kg3 Ne3 52. Kf3 Nf5 53. Kf4 h4 54. Kg5 Ra3 55. Kf4 h3 56. Kg5 Rg3+ 57. Kf4 Ra3 58. Kg5 h2 59. Rh8 Kxh8 60. a8=Q+ Rxa8 61. Kf6 h1=Q 62. Ke5 Qe1+ 63. Kf6 Qe7# 0-1

[Event "*** Titled Tuesday Blitz"]
[Site "Chess.com"]
[Date "2020.10.27"]
[Round "8"]
[White "shnitez"]
[Black "Shivagami"]
[Result "1-0"]
[WhiteElo "2439"]
[BlackElo "2266"]
[TimeControl "180+1"]
[EndTime "11:30:31 PDT"]
[Termination "shnitez won by resignation"]

1. c4 e5 2. Nc3 Bb4 3. Qc2 Bxc3 4. Qxc3 Qe7 5. g3 d6 6. Bg2 f5 7. b3 Nf6 8. e3 O-O 9. Ne2 c6 10. Bb2 Be6 11. O-O Nbd7 12. d3 d5 13. a4 Rf7 14. b4 Rd8 15. b5 c5 16. cxd5 Nxd5 17.
Qd2 Nb4 18. Bc3 Nd5 19. Bb2 Rf6 20. f4 Rh6 21. fxe5 Qg5 22. Nf4 Nxf4 23. exf4 Qe7 24. Bxb7 Nb6 25. Bg2 Nc4 26. Qc3 Ne3 27. Bf3 Nxf1 28.
Rxf1 Bd5 29. Bxd5+ Rxd5 30. Qc4 Qd7 31. Re1 Kh8 32. Re3 Re6 33. Kf2 h6 34. a5 Kh7 35.
h4 Qc7 36. Bc3 Qd8 37. Ke2 Re7 38. Rf3 Rdd7 39. Rf2 Rc7 40. Rf3 Red7 41. Re3 Qb8 42. e6 Re7 43. Be5 Qb7 44. Bxc7 Qxc7 45. Qd5 Qxa5 46.
Qxf5+ g6 47. Qd5 Qxb5 48. h5 Qb2+ 49. Kf3 Qc1 50. hxg6+ Kxg6 51. Qe4+ Kg7 52. Qe5+ Kh7 53. Qf5+ Kg7 54. Qe5+ Kh7 55. Re2 Qh1+ 56. Kf2 Qh2+ 57.
Ke1 Qxg3+ 58. Kd2 Qg6 59. f5 Qg5+ 60. Kc2 c4 61. f6 Qxe5 62. Rxe5 cxd3+ 63. Kxd3 Rc7 64. e7 Rd7+ 65. Ke4 1-0

[Event "*** Titled Tuesday Blitz"]
[Site "Chess.com"]
[Date "2020.10.27"]
[Round "8"]
[White "Guenplen"]
[Black "Bigfish1995"]
[Result "0-1"]
[WhiteElo "2843"]
[BlackElo "3016"]
[TimeControl "180+1"]
[EndTime "11:30:34 PDT"]
[Termination "Bigfish1995 won on time"]

1. d4 d5 2. Bf4 c5 3. e3 cxd4 4. exd4 Nc6 5. c3 f6 6. Nf3 g6 7. Be2 Bh6 8. Bg3 e6 9. O-O Nge7 10. c4 Nf5 11. Nc3 O-O 12. Re1 dxc4 13. Bxc4 Nfxd4 14. Nxd4 Nxd4 15. Ne4 Kh8 16. Bd6 e5 17. Bxf8 Qxf8 18.
Nc3 Bf5 19. Bd3 Bd7 20. Be4 Rd8 21. Qd3 Qb4 22. Nd5 Qd6 23. Nc3 f5 24. Bxb7 e4 25.
Bxe4 fxe4 26. Nxe4 Qb6 27. Rad1 Bg4 28. Qc3 Bg7 29. Kh1 Bxd1 30. Rxd1 Nf5 31. Rxd8+ Qxd8 32. Qc2 Bd4 33. g3 Kg7 34. Kg2 Qe7 35. b3 Bb6 36. Qc4 Nd4 37. Qd5 Nf5 38. h4 Qf7 39. Qxf7+ Kxf7 40. Ng5+ Kg7 41. Ne6+ Kf6 42. Nf4 h5 43.
Kf3 Bc5 44. Ke2 Nd4+ 45. Kd3 Ne6 46. Nh3 Kf5 47. f3 Bd6 48. g4+ hxg4 49. fxg4+ Kxg4 50. Nf2+ Kxh4 51. Ne4 Be5 52. Kc4 Nf4 53. Kb5 Bd4 54.
Kc4 Bb6 55. b4 g5 56. a4 g4 57. a5 Be3 58. b5 Ne6 59. Kd5 Ng5 60. Nc3 g3 61.
Ne2 g2 62. b6 axb6 63. axb6 Bxb6 64. Ke5 Be3 65. Kf5 Nf3 66. Ke4 Nd4 0-1

[Event "*** Titled Tuesday Blitz"]
[Site "Chess.com"]
[Date "2020.10.27"]
[Round "8"]
[White "enriquetejedor"]
[Black "QuintilianoR"]
[Result "1/2-1/2"]
[WhiteElo "2484"]
[BlackElo "2648"]
[TimeControl "180+1"]
[EndTime "11:30:37 PDT"]
[Termination "Game drawn - insufficient material"]

1. d4 Nf6 2. Nf3 e6 3. Bg5 d5 4.
Nbd2 Be7 5. Bxf6 Bxf6 6. c3 O-O 7. e4 dxe4 8. Nxe4 Nd7 9. Bd3 Be7 10. O-O c5 11. dxc5 Nxc5 12. Nxc5 Bxc5 13. Qe2 Be7 14. Rad1 Qc7 15. Bc2 g6 16. Qe5 Qxe5 17. Nxe5 Bf6 18. Nc4 b5 19. Nd6 Rb8 20. Nxc8 Rfxc8 21. a3 a5 22. Rd2 b4 23. axb4 axb4 24. cxb4 Bxb2 25. Rb1 Bc3 26. Rd7 Bxb4 27. Bd3 Bc5 28. Rxb8 Rxb8 29.
Rc7 Bd4 30. Rc4 Rd8 31. Bf1 Kg7 32. g3 Bb6 33. Rc2 g5 34. Kg2 g4 35. h3 h5 36.
hxg4 hxg4 37. Be2 f5 38. Rc6 Rd2 39. Rxe6 Kf7 40. Re5 Kf6 41. Re8 Bd4 42. Kf1 Rb2 43. Rf8+ Kg6 44. Rd8 Bb6 45. Rd5 Kf6 46. Rd6+ Ke5 47.
Rd3 Bd4 48. Ra3 Rb1+ 49. Kg2 Rb2 50. Kf1 Rb1+ 51. Kg2 Rb2 52. Ra5+ Kf6 53. Kf1 Rb1+ 54. Kg2 Rb2 55. Ra6+ Kg5 56. Re6 f4 57. gxf4+ Kxf4 58. Kf1 Rb1+ 59. Kg2 Rb2 60. Re8 Kg5 61. Rg8+ Kf6 62.
Re8 Kf5 63. Kg3 Be5+ 64. Rxe5+ Kxe5 65. Bxg4 Rxf2 66. Kxf2 1/2-1/2

[Event "*** Titled Tuesday Blitz"]
[Site "Chess.com"]
[Date "2020.10.27"]
[Round "8"]
[White "anon102030"]
[Black "SARGISMV"]
[Result "1-0"]
[WhiteElo "2743"]
[BlackElo "2516"]
[TimeControl "180+1"]
[EndTime "11:30:39 PDT"]
[Termination "anon102030 won by resignation"]

1. e4 e6 2. d3 d5 3. Nd2 Nf6 4. g3 c5 5. Bg2 Nc6 6. Ngf3 g6 7. O-O Bg7 8. Rb1 O-O 9. b3 a5 10. a4 b6 11. Bb2 Ba6 12. Re1 Rc8 13. Ne5 Nxe5 14. Bxe5 c4 15. bxc4 dxc4 16. d4 c3 17. Nf3 Rc4 18. Bf1 Qa8 19. Bxc4 Bxc4 20. Bxf6 Bxf6 21. Rxb6 Rd8 22. Qc1 Rxd4 23. Qf4 Bd8 24. Rb8 Qa7 25. Nxd4 Qxd4 26. Qf3 Kg7 27. Rd1 Qf6 28.
Qxf6+ Bxf6 29. f4 e5 30. Ra8 Be2 31. Rd6 Bf3 32. Rxf6 Kxf6 33. Ra6+ Ke7 34. fxe5 Bxe4 35. Rxa5 Bxc2 36. Rc5 Bxa4 37. Rxc3 Ke6 38. Rc5 Bb3 39. Kf2 Bd5 40. Ke3 Kxe5 41. Ra5 h6 42. Ra7 Be6 43. Ra5+ Bd5 44. h4 h5 45. Ra7 Be6 46.
Ra5+ Bd5 47. Ra1 Kf5 48. Rf1+ Kg4 49. Kf2 Be6 50. Re1 Bf5 51. Rc1 Be6 52. Rb1 Kf5 53.
Rb4 Ke5 54. Ke3 Bd5 55. Rb5 f6 56. Kd3 g5 57. Ke3 g4 58. Kd3 f5 59. Ra5 Kd6 60. Kd4 Be4 61. Ra6+ Kc7 62. Rh6 Bc6 63. Rxh5 f4 64.
gxf4 g3 65. Rg5 g2 66. h5 Kd7 67. h6 g1=Q+ 68. Rxg1 Ke6 69. Rg7 Kf5 70. Rf7+ Kg6 71. Rf8 Kxh6 72. Rf6+ Kg7 73. Rxc6 Kf7 74. Rc5 Kf6 75.
Re5 1-0

[Event "*** Titled Tuesday Blitz"]
[Site "Chess.com"]
[Date "2020.10.27"]
[Round "8"]
[White "teacher4chess"]
[Black "poppy73"]
[Result "0-1"]
[WhiteElo "2066"]
[BlackElo "2223"]
[TimeControl "180+1"]
[EndTime "11:30:39 PDT"]
[Termination "poppy73 won by checkmate"]

1. d4 Nf6 2. Nf3 g6 3. Nc3 d5 4.
Bf4 Bg7 5. e3 c6 6. h3 O-O 7.
Bd3 Nbd7 8. O-O Re8 9. e4 dxe4 10. Nxe4 Nd5 11. Bh2 N7f6 12. c3 Nxe4 13. Bxe4 Bd7 14. Re1 Qb6 15. Qb3 Nf6 16. Bd3 Be6 17. Bc4 Bxc4 18.
Qxc4 Rad8 19. Ne5 Nd5 20. Qb3 e6 21. Nc4 Qxb3 22. axb3 a6 23. Rad1 Rd7 24. Nd6 Red8 25. Ne4 Nf6 26. Nc5 Re7 27. Be5 Nd5 28. Bxg7 Kxg7 29.
g3 a5 30. Kg2 b6 31. Nd3 f6 32. c4 Nb4 33. Nf4 Kf7 34. Re2 g5 35. Nh5 Red7 36. Red2 c5 37. g4 Rxd4 38. Rxd4 Rxd4 39. Rxd4 cxd4 40.
Kf3 e5 41. Ke4 Na6 42. Ng3 Nc5+ 43. Kf3 Nxb3 44. Ne4 Nc5 45. Nd6+ Ke6 46. Nc8 e4+ 47. Ke2 Na4 48. b3 Nc5 49. Nxb6 Nxb3 50. Na4 Kd6 51. c5+ Nxc5 52. Nxc5 Kxc5 53. Kd2 a4 54. Kc2 a3 55.
Kb3 e3 56. fxe3 dxe3 57. Kxa3 e2 58. Kb3 e1=Q 59. Kc2 Kd4 60. h4 Qc3+ 61. Kd1 Kd3 62. hxg5 Qd2# 0-1

[Event "*** Titled Tuesday Blitz"]
[Site "Chess.com"]
[Date "2020.10.27"]
[Round "8"]
[White "TomiLen"]
[Black "kingofthenil"]
[Result "1-0"]
[WhiteElo "2645"]
[BlackElo "2487"]
[TimeControl "180+1"]
[EndTime "11:30:43 PDT"]
[Termination "TomiLen won by resignation"]

1. d4 Nf6 2. Bg5 d5 3. Nd2 c5 4. dxc5 e6 5. e3 Bxc5 6. Ngf3 h6 7. Bh4 O-O 8. Be2 Nc6 9. a3 Be7 10. c4 e5 11. cxd5 Nxd5 12. Bxe7 Qxe7 13. O-O Rd8 14.
Qc2 Bg4 15. h3 Bh5 16. Rac1 Rac8 17. Qa4 a6 18. Ne4 f5 19. Ng3 Be8 20. Nxf5 Qf6 21. Qe4 Bg6 22. g4 Kh8 23. Rfd1 Nde7 24. Rxd8+ Rxd8 25. Bd3 Rxd3 26. Qxd3 Nxf5 27. gxf5 Bxf5 28. Qf1 Be4 29. Ne1 Ne7 30. f3 Bc6 31. Qf2 Nf5 32.
Ng2 Qg6 33. Rf1 Ng3 34. Re1 Nf5 35. Kh2 Qd6 36. e4 Nd4 37. Ne3 Qf6 38. Rf1 Ne6 39. Ng2 Nd4 40. Qg3 Ne6 41. Rf2 g5 42. Qg4 Kg7 43.
h4 Be8 44. hxg5 hxg5 45. Qg3 Bh5 46. Ne3 Nf4 47. Nf5+ Kf7 48. Rd2 Bg6 49. Rd7+ Ke8 50. Rxb7 Qh8+ 51. Kg1 Ne2+ 52. Kf2 Nxg3 53. Rb8+ Kf7 54.
Rxh8 Bxf5 55. Kxg3 Bg6 56. Rb8 Ke7 57. Rb6 Be8 58.
Rxa6 g4 59. Kxg4 Bb5 60. Ra7+ Kd6 61. Kg5 Be2 62. f4 Bd3 63. fxe5+ Kxe5 64. Ra5+ Kxe4 65.
b4 Kd4 66. Kf6 Bc4 67. Ke7 Kc3 68. Kd6 Kb3 69. Kc5 1-0

[Event "*** Titled Tuesday Blitz"]
[Site "Chess.com"]
[Date "2020.10.27"]
[Round "8"]
[White "m_ezat"]
[Black "babyking1205"]
[Result "0-1"]
[WhiteElo "2502"]
[BlackElo "2657"]
[TimeControl "180+1"]
[EndTime "11:30:46 PDT"]
[Termination "babyking1205 won on time"]

1. d4 Nf6 2. c4 c5 3. d5 b5 4.
cxb5 a6 5. Nc3 e6 6. e4 axb5 7. e5 b4 8. dxe6 dxe6 9. Qxd8+ Kxd8 10. exf6 bxc3 11. bxc3 gxf6 12. Nf3 Nc6 13. Bb5 Kc7 14. O-O Rg8 15. a4 Bb7 16. Bf4+ e5 17. Bg3 Ne7 18. Nd2 h5 19. f3 Nd5 20. Ne4 Be7 21. Rfe1 Rg6 22.
a5 Rag8 23. c4 Nf4 24. Rad1 Bc8 25. Rd2 Ne6 26. Nc3 Bd8 27. Nd5+ Kb8 28. a6 Nd4 29. Rb2 Ka7 30. Kh1 Be6 31. Nc3 Ba5 32. Rc1 h4 33. Bxh4 Nxf3 34. Bg3 Nd4 35. Ba4 Bxc4 36.
Ne4 Bd5 37. Nxc5 Rc8 38. Nd3 Rxc1+ 39. Nxc1 Kxa6 40. Nd3 Bc3 41. Nc5+ Ka5 42. Rb1 Bb4 43. Bb3 Nxb3 44. Nxb3+ Kb5 45. Nd2 Ka4 46. Nf3 Bc5 47.
Rd1 Be4 48. Rc1 Kb5 49. Nd2 Bd5 50. Rb1+ Kc6 51. Rc1 Kd6 52. Nc4+ Ke6 53. Nd2 Be3 54.
Rd1 f5 55. Nf3 f4 56. Nh4 fxg3 57. Nxg6 fxg6 58. hxg3 Bf2 59. Kh2 e4 60. Rb1 e3 61.
Rb6+ Kf5 62. Rb8 e2 63. Rf8+ Kg5 64. Re8 e1=Q 65. Rxe1 Bxe1 66. Kh3 Be6+ 67. g4 Bxg4+ 68. Kh2 Kh4 0-1

[Event "*** Titled Tuesday Blitz"]
[Site "Chess.com"]
[Date "2020.10.27"]
[Round "8"]
[White "MomchilPetkov"]
[Black "boasovietica"]
[Result "1/2-1/2"]
[WhiteElo "2635"]
[BlackElo "2501"]
[TimeControl "180+1"]
[EndTime "11:30:52 PDT"]
[Termination "Game drawn - insufficient material"]

1. d4 Nf6 2. Bf4 g6 3. e3 Bg7 4. Nf3 O-O 5. h3 d6 6. Be2 b6 7. O-O Bb7 8. c4 Nbd7 9. Nc3 Ne4 10. Nxe4 Bxe4 11. Bh2 e5 12. dxe5 Nxe5 13. Nxe5 Bxe5 14. Bxe5 dxe5 15. Qc1 Qg5 16. f3 Bb7 17. c5 Rfd8 18.
c6 Bc8 19. f4 exf4 20. exf4 Qf6 21. Rf2 Bf5 22. Bc4 Rd4 23. Qc3 Rad8 24. Kh2 Qd6 25.
Raf1 Be4 26. Qb3 Bd5 27. Bxd5 Rxd5 28. Kh1 Qxc6 29. f5 Rd3 30. Qc2 Qxc2 31. Rxc2 c5 32. f6 Rd1 33. Kg1 R8d6 34. Rf2 Kf8 35. g4 g5 36.
Rxd1 Rxd1+ 37. Kg2 Rd4 38. Kg3 Re4 39. Rd2 Ke8 40.
Rd5 h6 41. h4 gxh4+ 42. Kxh4 Re2 43. b3 Rh2+ 44. Kg3 Rxa2 45. Re5+ Kf8 46. Re7 Ra3 47. Rb7 Rxb3+ 48. Kf4 Rb4+ 49. Kf5 Ke8 50. Re7+ Kf8 51. Rxa7 Kg8 52. Ra8+ Kh7 53. Rf8 Rd4 54. Rxf7+ Kg8 55. Rb7 Rd5+ 56. Kg6 Rg5+ 57. Kxh6 Rxg4 58. Rxb6 Kf7 59.
Kh5 Rg3 60. Rc6 Rf3 61. Kg5 Rg3+ 62. Kf5 Rg1 63. Rc7+ Kf8 64. Ke5 Re1+ 65. Kd5 Rf1 66. Ke6 Re1+ 67. Kf5 Rf1+ 68. Kg5 Rg1+ 69. Kf4 Rf1+ 70.
Ke5 Re1+ 71. Kd5 Rf1 72. Rc6 Kf7 73. Kxc5 Rf5+ 74. Kb6 Rxf6 75. Rxf6+ Kxf6 1/2-1/2

[Event "*** Titled Tuesday Blitz"]
[Site "Chess.com"]
[Date "2020.10.27"]
[Round "8"]
[White "MustafayevFarid2004"]
[Black "Paladin61"]
[Result "1/2-1/2"]
[WhiteElo "2477"]
[BlackElo "2597"]
[TimeControl "180+1"]
[EndTime "11:30:53 PDT"]
[Termination "Game drawn by repetition"]

1. d4 Nf6 2. c4 g6 3. Nc3 Bg7 4. g3 O-O 5. Bg2 d6 6. Nf3 Nc6 7. O-O a6 8. Bg5 Rb8 9. Qc1 Re8 10. Bh6 Bh8 11. Nd5 Bd7 12. Rd1 e6 13. Nxf6+ Bxf6 14. e4 e5 15. d5 Ne7 16. c5 Qc8 17. Qc3 Bg4 18. Rac1 Qd7 19. Rd2 Kh8 20. Rdc2 Ng8 21. Be3 Rec8 22. Nd2 Re8 23. b3 Bg7 24. c6 Qe7 25. h3 Bc8 26. cxb7 Rxb7 27. Nc4 Bd7 28. Na5 Rbb8 29. Qd2 Rec8 30. Rxc7 Qd8 31. Qc3 Bh6 32. Bxh6 Nxh6 33. f4 f6 34. Rc4 Qb6+ 35. Kh2 Nf7 36. Qd2 Kg7 37. Nc6 Ra8 38. fxe5 Nxe5 39. Nxe5 fxe5 40.
R1c3 Rxc4 41. Rxc4 Rf8 42. Qc1 Qf2 43. Rc2 Qd4 44. Rc7 Rf7 45. Qc4 Qf2 46. Qc2 Qd4 47. a4 h5 48. h4 Qe3 49. b4 Qd4 50. Qb3 Qf2 51. b5 axb5 52. axb5 Qe2 53. Rc2 Qxb5 54. Qxb5 Bxb5 55. Rb2 Bd7 56. Rb6 Rf6 57. Rb7 Rf7 58. Rb6 Rf6 59. Rb7 Rf7 60. Bh3 Bxh3 61. Rxf7+ Kxf7 62. Kxh3 Kf6 63. Kg2 Ke7 64. Kf3 Kd7 65. Ke3 Kc7 66. Kd3 Kb6 67. Kc2 Ka5 68. Kc3 Kb5 69. Kb3 Kc5 70. Kc3 Kb5 71. Kb3 Ka5 72.
Kc3 Ka4 73. Kc4 Ka5 74. Kc3 1/2-1/2

[Event "*** Titled Tuesday Blitz"]
[Site "Chess.com"]
[Date "2020.10.27"]
[Round "8"]
[White "madmax011"]
[Black "annamaja"]
[Result "0-1"]
[WhiteElo "1860"]
[BlackElo "2286"]
[TimeControl "180+1"]
[EndTime "11:30:53 PDT"]
[Termination "annamaja won by checkmate"]

1. d4 d5 2. c4 c6 3. Nf3 Nf6 4. e3 e6 5. Nc3 Bd6 6. Bd3 O-O 7. O-O dxc4 8. Bxc4 b5 9. Bd3 Nbd7 10. Qc2 Bb7 11. Ne4 Nxe4 12. Bxe4 Nf6 13. Bd3 a6 14. a3 c5 15. dxc5 Bxc5 16. b4 Bb6 17. Be2 Be4 18.
Qb2 Rc8 19. Rd1 Qe7 20. Bd2 Rc2 21. Qb3 Rfc8 22. Rac1 h6 23. Nd4 Bxd4 24. exd4 R8c6 25. Bf3 Bxf3 26. Qxf3 Qc7 27. Rxc2 Rxc2 28. Bf4 Qc3 29. Qa8+ Qc8 30. Qxc8+ Rxc8 31. Rc1 Rd8 32. Be3 Nd5 33.
Kf1 Rd7 34. Ke2 Kf8 35. Kd3 Ke7 36. Rc6 Ra7 37. f3 Kd7 38. Rc5 Rc7 39. Rxc7+ Kxc7 40. Bd2 Kc6 41. g3 Nb6 42. Ke4 Nc4 43. Bc1 f5+ 44. Kf4 Kd5 45. h4 Nd6 46. Ke3 Nc8 47. Kd3 Ne7 48. g4 Nc6 49. gxf5 exf5 50. Be3 f4 51. Bxf4 Nxd4 52. Bc7 Nxf3 53. Bd8 g5 54. hxg5 hxg5 55. Ke3 g4 56. Kf4 Ne5 57. Bc7 Nc4 58. Kxg4 Nxa3 59. Ba5 Kc4 60. Kf3 Nc2 61. Ke2 Nxb4 62. Kd2 Nc6 63.
Bc7 Kb3 64. Kc1 a5 65. Kb1 a4 66. Bd6 a3 67. Ka1 b4 68. Kb1 Kc4 69. Ka2 Nd4 70. Bxb4 Kxb4 71. Ka1 Kb3 72. Kb1 a2+ 73. Ka1 Nc2# 0-1